 Dungeon Crawl Stone Soup version 0.19.5 (webtiles) character file.

88 WellDressedCM the Ducker (level 4, -2/37 HPs)
             Began as a Ghoul Gladiator on Apr 7, 2017.
             Was an Initiate of Gozag.
             Killed from afar by a white imp (9 damage)
             ... with a puff of frost
             ... summoned by Natasha
             ... on level 2 of the Dungeon.
             The game lasted 00:07:08 (1287 turns).

WellDressedCM the Ducker (Ghoul Gladiator)          Turns: 1287, Time: 00:07:09

Health: -2/37      AC: 14    Str: 19    XL:     4   Next: 53%
Magic:  3/3        EV:  8    Int:  3    God:    Gozag
Gold:   81         SH:  0    Dex:  9    Spells: 0 memorised, 3 levels left

rFire  + . .     SeeInvis .     p - +0 spear (flame)
rCold  . . .     Gourm    .     q - +2 chain mail {MR+}
rNeg   + + +     Faith    .     (no shield)
rPois  ∞         Spirit   .     c - +0 helmet
rElec  .         Reflect  .     j - +0 cloak
rCorr  .         Harm     .     h - +1 pair of gloves
MR     +....                    (no boots)
Stlth  ..........               (no amulet)
                                (no ring)
                                k - ring of fire

@: rotting
A: rotting body, claws 1, carnivore 3, cold resistance 1, negative energy
resistance 3, slow regeneration 1, torment resistance, unbreathing
a: Potion Petition, Call Merchant, Bribe Branch, Renounce Religion


You were on level 2 of the Dungeon.
You worshipped Gozag.
Gozag was noncommittal.
You were not hungry.

You visited 1 branch of the dungeon, and saw 2 of its levels.

You collected 107 gold pieces.
You paid 26 gold pieces to Gozag.

Inventory:

Hand Weapons
 a - a +0 trident
 i - a +1 short sword of flaming
 p - a +0 spear of flaming (weapon)
Missiles
 d - 3 throwing nets (quivered)
 e - 101 stones
Armour
 b - a +0 leather armour
 c - a +0 helmet (worn)
 h - a +1 pair of gloves (worn)
 j - a +0 cloak (worn)
 q - a +2 chain mail of magic resistance (worn)
Jewellery
 k - a ring of fire (left hand)
Scrolls
 n - a scroll of remove curse
Potions
 g - 3 potions of curing
Comestibles
 f - 3 meat rations
 l - a slice of pizza
 m - a beef jerky


   Skills:
 + Level 2.5 Fighting
 + Level 1.3 Short Blades
 + Level 3.1 Polearms
 + Level 2.0 Throwing
 + Level 1.4 Armour
 + Level 3.2 Dodging


You had 3 spell levels left.
You didn't know any spells.

Dungeon Overview and Level Annotations

Branches:
Dungeon (2/15)

Altars:
Gozag

Annotations:
D:2 Natasha


Innate Abilities, Weirdness & Mutations

Your body is rotting away.
You thrive on raw meat.
You are immune to poison.
You have sharp fingernails.
You are carnivorous and can eat meat at any time.
Your flesh is cold resistant. (rC+)
You are immune to negative energy. (rN+++)
You regenerate slowly when monsters are visible.
You are immune to unholy pain and torment.
You can survive without breathing.


Message History

The puff of frost hits you! Natasha claws you but does no damage.
You hit Natasha but do no damage.
Natasha is heavily wounded.
The white imp hits you but does no damage.
Natasha claws you but does no damage.
You closely miss Natasha.
Natasha is heavily wounded.
The white imp closely misses you.
Natasha casts a spell.
You barely miss Natasha.
Natasha is heavily wounded.
The white imp hits you. The white imp freezes you. Natasha claws you!
* * * LOW HITPOINT WARNING * * *
The white imp grinds its teeth.
You miss Natasha.
Natasha is heavily wounded.
The white imp gestures at you. The puff of frost hits you!
You die...
Your body crumbles into a pile of gold.

#. #............#######
#.##.##.##.....#.......
<.. #.....÷.####.>. ...
#......## #.## #.#
###.###..# #.## #.#
##.....#### #.##
#.###.8...8.#######...
##...#.......#...##....
#.....@.._.......##.###
#.####5h.....#...##.###
#.##.#.85..8.#...##.##.
#.##.##.....##...##.##.
#.##..###.###....##.##.
#.....>.#........##....
####.##########.######.
#.# #.# #. #.# #.# #.


You could see Natasha and 2 white imps.

Vanquished Creatures
  Natasha (twice) (D:2)
  A gnoll (D:1)
  A leopard gecko (D:1)
  3 bats
  A goblin (D:2)
  6 hobgoblins (D:1)
  4 jackals (D:1)
  4 kobolds (D:1)
  A ball python (D:1)
  2 frilled lizards
  3 rats
28 creatures vanquished.

Notes
Turn   | Place    | Note
-------+----------+-------------------------------------------
     0 | D:1      | WellDressedCM the Ghoul Gladiator began the quest for the Orb.
     0 | D:1      | Reached XP level 1. HP: 17/17 MP: 0/0
   141 | D:1      | Reached XP level 2. HP: 23/24 MP: 1/1
   596 | D:1      | Reached skill level 1 in Short Blades
   706 | D:1      | Reached XP level 3. HP: 17/30 MP: 2/2
   858 | D:1      | You fall through a shaft!
   997 | D:2      | Noticed Natasha
  1006 | D:2      | Killed Natasha
  1006 | D:2      | Reached skill level 1 in Armour
  1006 | D:2      | Reached XP level 4. HP: 37/37 MP: 3/3
  1014 | D:2      | Found an opulent altar of Gozag.
  1031 | D:2      | Became a worshipper of Gozag Ym Sagoz the Greedy
  1126 | D:2      | Noticed Natasha
  1131 | D:2      | Killed Natasha
  1278 | D:2      | Noticed Natasha
  1287 | D:2      | Killed from afar by a white imp

Skill      XL: |  1  2  3 |
---------------+----------+-----
Throwing       | 2 |  2.0
Dodging        | 3 |  3.2
Short Blades   | 1 |  1.3
Polearms       | 3 |  3.1
Armour         | 1 |  1.4
Fighting       | |  2.5

Action                   |  1- 3 |  4- 6 || total
-------------------------+-------+-------++-------
Melee: Short sword       |    65 |       ||    65
       Trident           |    12 |       ||    12
       Spear             |     7 |    21 ||    28
  Use: Scroll            |     7 |       ||     7
       Potion            |     1 |       ||     1
  Eat: Chunk             |    13 |     1 ||    14
Armor: Leather armour    |    25 |       ||    25
       Chain mail        |     2 |    11 ||    13
Dodge: Dodged            |    63 |     5 ||    68
